 Dungeon Crawl Stone Soup version 0.24-a0-250-g6074511 (webtiles) character file.

Game seed: 1969288917076746857

634 Ijustatesigmund the Chopper (level 7, 0/49 HPs)
             Began as an Octopode Fighter on Apr 15, 2019.
             Slain by a gnoll
             ... wielding a +0 spear
              (7 damage)
             ... on level 4 of the Dungeon.
             The game lasted 00:06:14 (3246 turns).

Ijustatesigmund the Chopper (Octopode Fighter)      Turns: 3246, Time: 00:06:16

Health: 0/49       AC:  1    Str: 20    XL:     7   Next: 49%
Magic:  7/7        EV: 12    Int: 11    God:
Gold:   348        SH:  9    Dex: 13    Spells: 6/6 levels left

rFire    + . .     SeeInvis .   a - +1 war axe
rCold    . . .     Gourm    .   b - +0 shield
rNeg     . . .     Faith    .   (helmet restricted)
rPois    .         Spirit   .   (no amulet)
rElec    .         Reflect  .   e - ring of wizardry
rCorr    .         Harm     .   g - ring of protection from cold
MR       .....                  h - ring of flight
Stlth    ++++++....             k - ring of fire
HPRegen  0.16/turn              q - ring of stealth
MPRegen  0.10/turn              r - ring of stealth
                                (no ring)
                                (no ring)

@: mighty
A: almost no armour, stealthy swim, amphibious, 8 rings, constrict 8, camouflage
1, gelatinous body 1
a: Evoke Flight


You were on level 4 of the Dungeon.
You were hungry.

You visited 1 branch of the dungeon, and saw 4 of its levels.

You collected 348 gold pieces.

Inventory:

Hand Weapons
 a - a +1 war axe (weapon)
 l - a +0 morningstar
Armour
 b - a +0 shield (worn)
Jewellery
 e - a ring of wizardry (left tentacle)
 g - a ring of protection from cold (right tentacle)
 h - a ring of flight (on tentacle)
 k - a ring of fire (on tentacle)
 q - a ring of stealth (on tentacle)
 r - a ring of stealth (on tentacle)
Potions
 c - a potion of might
 f - 3 potions of curing
 i - a potion of cancellation
 j - a potion of haste
 m - a potion of resistance
 n - a potion of mutation {unknown}
 o - a potion of brilliance
Comestibles
 d - 4 rations


   Skills:
 + Level 4.9 Fighting
 + Level 5.9 Axes
 + Level 3.2 Dodging
 - Level 4.5 Stealth
 + Level 3.2 Shields


You had 6 spell levels left.
You didn't know any spells.
Your spell library was empty.

Dungeon Overview and Level Annotations

Branches:
Dungeon (4/15)
 Temple: D:4-7

Altars:
Okawaru
Sif Muna


Innate Abilities, Weirdness & Mutations

You cannot wear most types of armour.
You are very stealthy in the water. (Stealth+)
You are amphibious.
You can wear up to eight rings at the same time.
You can use your tentacles to constrict eight enemies at once.
Your skin changes colour to match your surroundings (Stealth+).
Your rubbery body absorbs attacks. (AC +1, EV +1)


Message History

You are too injured to fight recklessly!
You are too injured to fight recklessly!
You are too injured to fight recklessly!
You are too injured to fight recklessly!
You are too injured to fight recklessly!
You are too injured to fight recklessly!
You feel very mighty all of a sudden. The gnoll completely misses you.
The gnoll shaman closely misses you.
Your shield prevents you from hitting the gnoll shaman.
Your grab misses the gnoll shaman.
The gnoll shaman is lightly wounded.
The gnoll misses you. The gnoll shaman barely misses you.
You completely miss the gnoll shaman. You grab the gnoll shaman.
You squeeze the gnoll shaman!
The gnoll shaman is heavily wounded.
You constrict the gnoll shaman. The gnoll misses you.
The gnoll shaman hits you with a +0 whip!
* * * LOW HITPOINT WARNING * * *
The gnoll hits you from afar with a +0 spear!
You die...

#....##.#.#..#...#...#...#..
#.####....#_................ **
#.####....#..#...#...#...#..
,****#.........#.................
,,,,,######.#.###################
****,* #.......#.# #........# *,*
###.gg....# #.......## *,***
###g$.### ##...#..>. *,,,*
#.@.#######.))##### ***,*
#.........#.).#
*,########...#####.##.####
******,#.....(<..........#....###
**,,,,,..........................
**,**,,#.................#.....##
,,,,,,,########.........##...#.#
**,*,,,* #...########...#.#
*,*,*,* #...# ##...##


You could see a gnoll shaman and 2 gnolls.

Vanquished Creatures
  Sigmund (D:3)
  2 scorpions (D:4)
  A howler monkey (D:4)
  A hound (D:4)
  2 orc priests (D:4)
  2 orc wizards
  A worker ant (D:4)
  2 gnolls (D:4)
  6 adders
  An ooze (D:1)
  3 worms
  3 dart slugs
  A leopard gecko (D:3)
  5 orcs
  4 ball pythons (D:3)
  6 bats
  5 giant cockroaches
  5 goblins
  7 hobgoblins
  14 jackals
  A quokka (D:4)
  5 frilled lizards
  13 kobolds
  A quokka skeleton (D:4)
  6 rats
  A plant (D:3)
99 creatures vanquished.

Notes
Turn   | Place    | Note
-------+----------+-------------------------------------------
     0 | D:1      | Ijustatesigmund the Octopode Fighter began the quest for
                  | the Orb.
     0 | D:1      | Reached XP level 1. HP: 16/16 MP: 1/1
    94 | D:1      | Reached XP level 2. HP: 20/21 MP: 2/2
   451 | D:1      | Reached skill level 3 in Axes
   451 | D:1      | Reached XP level 3. HP: 19/26 MP: 3/3
   807 | D:2      | HP: 1/26 [poisoned by an adder]
  1135 | D:2      | Reached skill level 1 in Stealth
  1185 | D:2      | Reached XP level 4. HP: 31/31 MP: 4/4
  1975 | D:3      | Reached skill level 4 in Axes
  1994 | D:3      | Reached XP level 5. HP: 36/37 MP: 5/5
  2122 | D:3      | Noticed Sigmund
  2128 | D:3      | Killed Sigmund
  2128 | D:3      | Reached skill level 5 in Axes
  2128 | D:3      | Reached XP level 6. HP: 16/43 MP: 6/6
  2598 | D:4      | Found an iron altar of Okawaru.
  2679 | D:4      | Reached XP level 7. HP: 44/49 MP: 7/7
  3149 | D:4      | Found a deep blue altar of Sif Muna.
  3246 | D:4      | Slain by a gnoll

Levels and vault maps discovered:
D:1:      lemuel_arrival_broad_hall, layout_basic
D:2:      layout_loops_ring, first_ration, nrook_campfire, lemuel_statue_altar
D:3:      layout_rooms, saegor_snake_ambush, uniq_sigmund
D:4:      layout_loops_cross, okawaru_gym_becter, lemuel_coloured_pillars_altar,
          biasface_ghost_orc_armoury

Skill      XL: |  1  2  3  4  5  6 |
---------------+-------------------+-----
Axes           | 3 4 5 |  5.9
Stealth        | 1 2 3 4 |  4.5
Fighting       | 4 |  4.9
Dodging        | |  3.2
Shields        | |  3.2

Action                   |  1- 3 |  4- 6 |  7- 9 || total
-------------------------+-------+-------+-------++-------
Melee: War axe           |    56 |   111 |    21 ||   188
       Constrict         |    15 |    33 |     7 ||    55
       Tentacles         |    13 |    19 |     5 ||    37
  Use: Potion            |     3 |     1 |     2 ||     6
       Scroll            |       |     7 |     2 ||     9
 Stab: Sleeping          |     6 |    10 |     3 ||    19
  Eat: Chunk             |       |     6 |     1 ||     7
Armor: Skin              |     4 |     9 |       ||    13
Dodge: Dodged            |    27 |    50 |    13 ||    90
Block: Shield            |    27 |    46 |     7 ||    80

Table legend:
 A = Non-vault XP
 B = Vault XP
 C = Vault XP percentage of total XP
 D = Non-vault monster count
 E = Vault monster count
 F = Vault count percentage of total count
                 A         B        C        D         E       F
            +---------+---------+-------+---------+---------+-------
      Total |     664 |     242 |  26.7 |      93 |       5 |   5.1
            +---------+---------+-------+---------+---------+-------
        D:1 |      47 |       0 |   0.0 |      27 |       0 |   0.0
        D:2 |      92 |       0 |   0.0 |      22 |       0 |   0.0
        D:3 |      92 |     242 |  72.5 |      27 |       5 |  15.6
        D:4 |     433 |       0 |   0.0 |      17 |       0 |   0.0
            +---------+---------+-------+---------+---------+-------
